[Event "ICC tourney 3299 (40 10)"]
[Site "Internet Chess Club"]
[Date "2023.10.07"]
[Round "1"]
[White "Volkov, Sergey:Volkov"]
[Black "KONA, VIDIP KUMAR:Vidipkona"]
[Result "1-0"]
[ICCResult "Black checkmated"]
[WhiteElo "2514"]
[BlackElo "2036"]
[Opening "Benoni: Uhlmann variation"]
[ECO "A61"]
[NIC "BI.25"]
[Time "11:00:39"]
[PlyCount "73"]
[TimeControl "2400+10"]

1. d4 Nf6 2. c4 c5 3. d5 e6 4. Nc3 exd5 5. cxd5 d6 6. Nf3 g6 7. Bg5 Bg7 8.
Nd2 O-O 9. e4 h6 10. Bh4 Re8 11. Be2 a6 12. a4 Nbd7 13. O-O Qc7 14. Kh1 Rb8
15. f4 Nh7 16. Qc2 Ndf8 17. Bg3 Bd7 18. a5 b5 19. axb6 Rxb6 20. Nc4 Rb4 21.
f5 Be5 22. Bxe5 dxe5 23. Rxa6 f6 24. Qd2 Kg7 25. d6 Qb8 26. Nd5 Rb7 27. Nc7
Rc8 28. Ra8 Qxa8 29. Nxa8 Rxa8 30. Qd5 Rab8 31. Nxe5 fxe5 32. Qxe5+ Nf6 33.
Qe7+ Kg8 34. Qxf6 gxf5 35. Bc4+ Kh7 36. Qf7+ Kh8 37. Qg8# {Black checkmated}
1-0

[Event "ICC tourney 3299 (40 10)"]
[Site "Internet Chess Club"]
[Date "2023.10.07"]
[Round "1"]
[White "KOEHL, EVAN:MacAndSneeze"]
[Black "IVANOV, ALEXANDER:marble"]
[Result "0-1"]
[ICCResult "White resigns"]
[WhiteElo "2033"]
[BlackElo "2471"]
[Opening "Robatsch defense"]
[ECO "B06"]
[NIC "KF.05"]
[Time "11:00:18"]
[PlyCount "62"]
[TimeControl "2400+10"]

1. e4 g6 2. d4 Bg7 3. Nc3 c6 4. Bc4 d6 5. a4 Nf6 6. Nf3 d5 7. exd5 cxd5 8.
Bb5+ Bd7 9. Bf4 O-O 10. O-O a6 11. Be2 Bg4 12. h3 Bxf3 13. Bxf3 Nc6 14. Qd2
e6 15. Ne2 Rc8 16. c3 Na5 17. Nc1 Ne4 18. Qe2 f5 19. Nd3 Nc4 20. Rfd1 h5 21.
g4 hxg4 22. hxg4 Qe7 23. Kg2 Rf7 24. gxf5 exf5 25. Nb4 Qd7 26. Rh1 Re8 27.
Qc2 g5 28. Bg3 f4 29. Bh5 fxg3 30. Bxf7+ Qxf7 31. fxg3 Ne3+ {White resigns}
0-1

[Event "ICC tourney 3299 (40 10)"]
[Site "Internet Chess Club"]
[Date "2023.10.07"]
[Round "1"]
[White "TAO, SIHAN:K06-16931716"]
[Black "Klenoff, Caleb Jude:kingcaleb"]
[Result "1-0"]
[ICCResult "Black resigns"]
[WhiteElo "2216"]
[BlackElo "2031"]
[Opening "French: Winawer, advance, poisoned pawn variation"]
[ECO "C18"]
[NIC "FR.11"]
[Time "11:01:01"]
[PlyCount "83"]
[TimeControl "2400+10"]

1. e4 e6 2. d4 d5 3. Nc3 Bb4 4. e5 c5 5. a3 Bxc3+ 6. bxc3 Ne7 7. Qg4 Qc7 8.
Bd2 O-O 9. Bd3 c4 10. Be2 f6 11. Nf3 Nbc6 12. exf6 Rxf6 13. Qg3 Qxg3 14.
hxg3 Bd7 15. Bg5 Rff8 16. Bxe7 Nxe7 17. Ne5 Ba4 18. Rc1 Nf5 19. Bg4 a5 20.
Bxf5 Rxf5 21. f3 Rff8 22. Kd2 Rfd8 23. Rh4 Be8 24. Rch1 Bg6 25. Rb1 Ra7 26.
Rb6 Re8 27. Rh1 Re7 28. Rhb1 Be8 29. Rd6 b5 30. Rd8 Rab7 31. Nc6 Kf8 32.
Nxe7 Kxe7 33. Ra8 a4 34. Ra6 Rc7 35. Re1 Bc6 36. Rh1 h6 37. g4 Kd7 38. Rb6
Rc8 39. Re1 Re8 40. Ra6 Kc7 41. Rb1 Kb7 42. Rxa4 {Black resigns} 1-0

[Event "ICC tourney 3299 (40 10)"]
[Site "Internet Chess Club"]
[Date "2023.10.07"]
[Round "1"]
[White "OPASKA, MICHAEL:mopaska1106"]
[Black "Liang, Jason:Jupiter435"]
[Result "0-1"]
[ICCResult "White resigns"]
[WhiteElo "2064"]
[BlackElo "2537"]
[Opening "QGD: Janowski variation"]
[ECO "D31"]
[NIC "QP.08"]
[Time "11:00:17"]
[PlyCount "56"]
[TimeControl "2400+10"]

1. d4 d5 2. c4 e6 3. Nc3 a6 4. e4 dxe4 5. Nxe4 Bb4+ 6. Nc3 c5 7. Nf3 Nf6 8.
a3 Ba5 9. Bg5 h6 10. Be3 Ng4 11. Rc1 Nd7 12. Bd3 cxd4 13. Bxd4 e5 14. Qe2
O-O 15. Be3 f5 16. b4 Bc7 17. c5 e4 18. Bc4+ Kh8 19. Nd2 Nde5 20. h3 f4 21.
Bxf4 Nxf2 22. O-O Nf3+ 23. Nxf3 exf3 24. Qxf2 Rxf4 25. Rfd1 Qg5 26. Nd5 Bxh3
27. Nxf4 Bxf4 28. Qxf3 Bg4 {White resigns} 0-1

[Event "ICC tourney 3299 (40 10)"]
[Site "Internet Chess Club"]
[Date "2023.10.07"]
[Round "1"]
[White "HEBDEN, MARK L:mhebden"]
[Black "CHINNI, RISHABH:alphachesplayer"]
[Result "1-0"]
[ICCResult "Black forfeits on time"]
[WhiteElo "2557"]
[BlackElo "2070"]
[Opening "Queen's pawn: Torre attack"]
[ECO "A46"]
[NIC "QP.04"]
[Time "11:00:19"]
[PlyCount "145"]
[TimeControl "2400+10"]

1. d4 Nf6 2. Nf3 e6 3. Bg5 Be7 4. Nbd2 d5 5. e3 h6 6. Bh4 O-O 7. Bd3 c5 8.
c3 c4 9. Bc2 Nc6 10. O-O b5 11. Qe2 Bd7 12. Ne5 Nxe5 13. dxe5 Ne8 14. Bxe7
Qxe7 15. f4 f5 16. Nf3 g6 17. Nd4 Ng7 18. Kh1 a5 19. g4 Kh7 20. Rg1 Qf7 21.
Rg2 fxg4 22. Rxg4 Nf5 23. Rag1 Rg8 24. h4 h5 25. Rg5 Rg7 26. Kh2 Kh6 27.
Bxf5 exf5 28. Nf3 Ra6 29. R5g2 Be6 30. Nd4 Bd7 31. Rd1 Qe7 32. Qf2 b4 33.
Qg3 Kh7 34. Nf3 Be6 35. Qg5 Bg8 36. Rdg1 Qxg5 37. Nxg5+ Kh6 38. Rd1 bxc3 39.
bxc3 Rb6 40. Rgd2 Rgb7 41. Kg3 Kg7 42. Kf3 a4 43. e6 Bxe6 44. Nxe6+ Rxe6 45.
Rxd5 Rb2 46. Rc5 Re7 47. Rd6 Kh7 48. Rcc6 Rg7 49. Rxc4 Rxa2 50. Ra6 Rh2 51.
Rcxa4 Rh3+ 52. Kf2 Re7 53. Ra7 Rxe3 54. Rxe7+ Rxe7 55. c4 Kg7 56. c5 Rc7 57.
Ra5 Kf6 58. Ke3 Ke6 59. Kd4 Rd7+ 60. Kc4 Rd1 61. Ra6+ Kd7 62. Rxg6 Rf1 63.
Kd5 Rxf4 64. Rg7+ Kd8 65. Rf7 Rxh4 66. Rxf5 Rh1 67. Kd6 Rd1+ 68. Kc6 h4 69.
Rh5 Rd4 70. Rh7 Rg4 71. Rh8+ Ke7 72. Kc7 Rc4 73. c6 {Black forfeits on time}
1-0

[Event "ICC tourney 3299 (40 10)"]
[Site "Internet Chess Club"]
[Date "2023.10.07"]
[Round "1"]
[White "Yang, Daniel:danielbest"]
[Black "Zhang, Oscar Yihang:oscaryhz"]
[Result "0-1"]
[ICCResult "White checkmated"]
[WhiteElo "2139"]
[BlackElo "1835"]
[Opening "QGD Slav: 3.Nf3"]
[ECO "D11"]
[NIC "SL.01"]
[Time "11:00:21"]
[PlyCount "140"]
[TimeControl "2400+10"]

1. d4 d5 2. c4 c6 3. Nf3 Nf6 4. Qc2 e6 5. g3 Bd6 6. Bg2 O-O 7. O-O Nbd7 8.
Nbd2 b6 9. cxd5 cxd5 10. e4 dxe4 11. Nxe4 Nxe4 12. Qxe4 Ba6 13. Re1 Nf6 14.
Qh4 Rc8 15. Bg5 Be7 16. Ne5 h6 17. Bxf6 Bxf6 18. Qe4 Bxe5 19. dxe5 Qd2 20.
b3 Rc2 21. Qe3 Rd8 22. Be4 Rxa2 23. Rxa2 Qxa2 24. Qc3 Qd2 25. Qa1 Be2 26.
Rc1 Qxc1+ 27. Qxc1 Rd1+ 28. Qxd1 Bxd1 29. Kf1 Bxb3 30. Ke2 a5 31. Kd2 a4 32.
Kc3 Bd5 33. Bc2 a3 34. Bd3 Kf8 35. f4 Ke7 36. g4 g5 37. f5 f6 38. exf6+ Kxf6
39. Bc2 b5 40. Bd3 b4+ 41. Kc2 Ba2 42. fxe6 b3+ 43. Kc3 b2 44. Kb4 b1=Q+ 45.
Bxb1 Bxb1 46. Kxa3 Kxe6 47. Kb2 Be4 48. Kc3 Bf3 49. h3 Bg2 50. Kd4 Bxh3 51.
Ke3 Bxg4 52. Kf2 h5 53. Kg3 Kf5 54. Kh2 h4 55. Kg2 Kf4 56. Kh2 Kf3 57. Kh1
Kg3 58. Kg1 Bf3 59. Kf1 h3 60. Ke1 h2 61. Kd2 h1=Q 62. Ke3 Qe1+ 63. Kd4 Qe6
64. Kc3 Qd5 65. Kc2 Qd4 66. Kc1 Qf2 67. Kb1 Qd2 68. Ka1 Bd5 69. Kb1 Be6 70.
Ka1 Qa2# {White checkmated} 0-1

[Event "ICC tourney 3299 (40 10)"]
[Site "Internet Chess Club"]
[Date "2023.10.07"]
[Round "1"]
[White "THOMAS, MICHAEL G:chesslin"]
[Black "LIANG, YU-CHENG:Yucheng"]
[Result "1-0"]
[ICCResult "Black resigns"]
[WhiteElo "1949"]
[BlackElo "2194"]
[Opening "Queen's pawn: London system"]
[ECO "A45"]
[NIC "QP.07"]
[Time "11:01:58"]
[PlyCount "85"]
[TimeControl "2400+10"]

1. d4 Nf6 2. Bf4 e6 3. e3 c5 4. c3 b6 5. Nd2 Bb7 6. Ngf3 Be7 7. h3 O-O 8.
Bd3 d5 9. O-O Nbd7 10. Re1 Rc8 11. Bh2 Ne4 12. Bxe4 dxe4 13. Ne5 Nxe5 14.
Bxe5 f6 15. Bg3 Qd5 16. Qb3 cxd4 17. exd4 f5 18. Be5 Bg5 19. f4 Bh4 20. g3
Bxg3 21. c4 Bf2+ 22. Kxf2 e3+ 23. Rxe3 Qg2+ 24. Ke1 Qg1+ 25. Nf1 Bg2 26. Ke2
Rf7 27. Rg3 Qh1 28. Rd1 Be4 29. Kf2 Ba8 30. Rg1 Qc6 31. Qg3 g6 32. Ne3 Qa4
33. a3 Qb3 34. Rd2 Rd7 35. d5 b5 36. Rgd1 bxc4 37. dxe6 Rxd2+ 38. Rxd2 c3
39. bxc3 Qxe6 40. h4 Be4 41. h5 Qb6 42. hxg6 hxg6 43. Qg5 {Black resigns}
1-0

[Event "ICC tourney 3299 (40 10)"]
[Site "Internet Chess Club"]
[Date "2023.10.07"]
[Round "2"]
[White "Liang, Jason:Jupiter435"]
[Black "TAO, SIHAN:K06-16931716"]
[Result "1-0"]
[ICCResult "Black resigns"]
[WhiteElo "2537"]
[BlackElo "2216"]
[Opening "Sicilian: Najdorf, Adams attack"]
[ECO "B90"]
[NIC "SI.14"]
[Time "13:15:06"]
[PlyCount "35"]
[TimeControl "2400+10"]

1. e4 c5 2. Nf3 d6 3. d4 cxd4 4. Nxd4 Nf6 5. Nc3 a6 6. h3 e5 7. Nf3 Be7 8.
g4 h6 9. Rg1 Qc7 10. g5 hxg5 11. Nxg5 Nbd7 12. Qf3 Rf8 13. Bd3 b5 14. a4 b4
15. Nd5 Nxd5 16. exd5 Nc5 17. Nh7 Rg8 18. Qxf7+ {Black resigns} 1-0

[Event "ICC tourney 3299 (40 10)"]
[Site "Internet Chess Club"]
[Date "2023.10.07"]
[Round "2"]
[White "Zhang, Oscar Yihang:oscaryhz"]
[Black "MARKOVIC, GORAN:Goran21"]
[Result "0-1"]
[ICCResult "White checkmated"]
[WhiteElo "1835"]
[BlackElo "2005"]
[Opening "Sicilian: Najdorf, 7...Be7 main line"]
[ECO "B99"]
[NIC "SI.09"]
[Time "13:15:06"]
[PlyCount "70"]
[TimeControl "2400+10"]

1. e4 c5 2. Nf3 d6 3. d4 cxd4 4. Nxd4 Nf6 5. Nc3 a6 6. Bg5 e6 7. f4 Be7 8.
Qf3 Qc7 9. O-O-O Nbd7 10. g4 b5 11. Bxf6 gxf6 12. Bh3 b4 13. Nce2 Bb7 14.
Rhf1 Rc8 15. Rd2 Nc5 16. Ng3 Rg8 17. Kb1 d5 18. g5 Nxe4 19. Nxe4 dxe4 20.
Qh5 e3 21. Bxe6 Bc5 22. Bxc8 exd2 23. Bxb7 Bxd4 24. Qxh7 Rg6 25. Bd5 f5 26.
Qh5 Rd6 27. Qe2+ Kf8 28. Bc4 a5 29. Bd3 Bxb2 30. Kxb2 Qc3+ 31. Kb1 Re6 32.
Qd1 Re1 33. h4 a4 34. h5 a3 35. Rxe1 Qb2# {White checkmated} 0-1

[Event "ICC tourney 3299 (40 10)"]
[Site "Internet Chess Club"]
[Date "2023.10.07"]
[Round "2"]
[White "IVANOV, ALEXANDER:marble"]
[Black "HEBDEN, MARK L:mhebden"]
[Result "1-0"]
[ICCResult "Black resigns"]
[WhiteElo "2471"]
[BlackElo "2557"]
[Opening "Ruy Lopez: closed, anti-Marshall 8.a4"]
[ECO "C88"]
[NIC "RL.18"]
[Time "13:15:04"]
[PlyCount "71"]
[TimeControl "2400+10"]

1. e4 e5 2. Nf3 Nc6 3. Bb5 a6 4. Ba4 Nf6 5. O-O Be7 6. Re1 b5 7. Bb3 O-O 8.
a4 Bb7 9. d3 d6 10. Nbd2 Qd7 11. Nf1 Rfe8 12. Ng3 h6 13. c3 Na5 14. Bc2 c5
15. d4 exd4 16. cxd4 Nc6 17. d5 Nb4 18. Bb1 Bf8 19. Bd2 a5 20. Bc3 Ng4 21.
Nh4 g6 22. h3 Ne5 23. f4 Nc4 24. axb5 Qxb5 25. Nxg6 fxg6 26. Qg4 Kf7 27. f5
g5 28. Qh5+ Ke7 29. f6+ Kd8 30. Nf5 Nxd5 31. exd5 Rxe1+ 32. Bxe1 Qxb2 33.
Qf7 Qxa1 34. Qxb7 Qxf6 35. Qxa8+ Kc7 36. Qa7+ {Black resigns} 1-0

[Event "ICC tourney 3299 (40 10)"]
[Site "Internet Chess Club"]
[Date "2023.10.07"]
[Round "2"]
[White "THOMAS, MICHAEL G:chesslin"]
[Black "Volkov, Sergey:Volkov"]
[Result "0-1"]
[ICCResult "White forfeits on time"]
[WhiteElo "1949"]
[BlackElo "2514"]
[Opening "Queen's pawn, Mason variation, Steinitz counter-gambit"]
[ECO "D00"]
[NIC "QP.08"]
[Time "13:16:34"]
[PlyCount "92"]
[TimeControl "2400+10"]

1. d4 d5 2. Bf4 c5 3. e3 Nc6 4. c3 Nf6 5. Nd2 Bf5 6. Ngf3 e6 7. Bb5 Qb6 8.
Qa4 a6 9. Bxc6+ bxc6 10. O-O Qb5 11. Qxb5 axb5 12. Ne5 Ra6 13. f3 c4 14. Bg3
h6 15. e4 Bh7 16. a3 Be7 17. Rae1 O-O 18. Bh4 g5 19. Bg3 Nh5 20. Ng4 Kg7 21.
Nf2 Rd8 22. exd5 cxd5 23. Re3 f6 24. Rfe1 Kf7 25. Ng4 Bf8 26. Nf2 Bg6 27.
Nf1 Re8 28. Bc7 Rc8 29. Bg3 Bg7 30. R3e2 Rac6 31. Ne3 Rd8 32. Neg4 Nf4 33.
Bxf4 gxf4 34. Nh3 h5 35. Nxf4 hxg4 36. Nxe6 Rdd6 37. Nf4 Rc7 38. Re8 gxf3
39. gxf3 Be4 40. Rb8 Bxf3 41. Rxb5 Bh6 42. Kf2 Be4 43. Nh5 f5 44. Rg1 f4 45.
Rg4 Bf5 46. Rg1 Bg6 {White forfeits on time} 0-1

[Event "ICC tourney 3299 (40 10)"]
[Site "Internet Chess Club"]
[Date "2023.10.07"]
[Round "2"]
[White "KONA, VIDIP KUMAR:Vidipkona"]
[Black "Yang, Daniel:danielbest"]
[Result "1-0"]
[ICCResult "Black resigns"]
[WhiteElo "2036"]
[BlackElo "2139"]
[Opening "English opening"]
[ECO "A05"]
[NIC "QP.11"]
[Time "13:15:11"]
[PlyCount "127"]
[TimeControl "2400+10"]

1. Nf3 Nf6 2. c4 g6 3. b4 Bg7 4. Bb2 O-O 5. g3 d6 6. Bg2 e5 7. d3 c6 8. O-O
Nbd7 9. Nbd2 Re8 10. Qc2 d5 11. cxd5 cxd5 12. e4 dxe4 13. dxe4 Qe7 14. Nc4
b5 15. Ncxe5 Bb7 16. Nxd7 Nxd7 17. Bxg7 Kxg7 18. Nd2 Qxb4 19. Rab1 Qd4 20.
Rxb5 Rac8 21. Qb2 Qxb2 22. Rxb2 Nc5 23. Rc1 Na4 24. Rxc8 Bxc8 25. Rc2 Be6
26. Bf1 Nb6 27. Nb3 Bxb3 28. axb3 Rxe4 29. Rc7 a5 30. Ra7 Rb4 31. Rxa5 Rxb3
32. Kg2 Nc8 33. Rc5 Nd6 34. Be2 Rb2 35. Bd3 Kf6 36. g4 Rb4 37. h3 Rd4 38.
Rc3 Ke5 39. Bc2 f5 40. Re3+ Kf6 41. Rg3 f4 42. Rc3 Rc4 43. Rd3 Ne4 44. Bd1
Ke5 45. Rd8 Rd4 46. Re8+ Kf6 47. Bf3 Nd2 48. h4 Rd3 49. Rf8+ Ke5 50. Be2 Rd7
51. Re8+ Kd4 52. Bf3 Rc7 53. Rd8+ Kc3 54. Rf8 Rc4 55. Rf7 h5 56. g5 Rd4 57.
Rf6 Rd3 58. Rxf4 Rd4 59. Rf6 Rxh4 60. Rxg6 Nc4 61. Rc6 Rf4 62. g6 Rxf3 63.
Rxc4+ Kxc4 64. Kxf3 {Black resigns} 1-0

[Event "ICC tourney 3299 (40 10)"]
[Site "Internet Chess Club"]
[Date "2023.10.07"]
[Round "2"]
[White "Klenoff, Caleb Jude:kingcaleb"]
[Black "OPASKA, MICHAEL:mopaska1106"]
[Result "1-0"]
[ICCResult "Black resigns"]
[WhiteElo "2031"]
[BlackElo "2064"]
[Opening "Caro-Kann: Tartakower (Nimzovich) variation"]
[ECO "B15"]
[NIC "CK.06"]
[Time "13:15:25"]
[PlyCount "65"]
[TimeControl "2400+10"]

1. e4 c6 2. d4 d5 3. Nc3 dxe4 4. Nxe4 Nf6 5. Nxf6+ exf6 6. Nf3 Bd6 7. Be2
O-O 8. O-O Re8 9. Be3 Nd7 10. c4 Nf8 11. d5 c5 12. Qc2 Bg4 13. Bd3 Bxf3 14.
gxf3 Qc7 15. Kg2 Re5 16. h4 Rh5 17. Rh1 Qd7 18. a4 Ng6 19. Bxg6 hxg6 20. a5
f5 21. b4 cxb4 22. Qd3 f4 23. Bd4 Bf8 24. Rad1 a6 25. Bb6 Rc8 26. Qd4 Bd6
27. c5 Bc7 28. Qc4 Bxb6 29. axb6 Qb5 30. Qxb5 axb5 31. c6 bxc6 32. dxc6 Rc5
33. c7 {Black resigns} 1-0

[Event "ICC tourney 3299 (40 10)"]
[Site "Internet Chess Club"]
[Date "2023.10.07"]
[Round "2"]
[White "CHINNI, RISHABH:alphachesplayer"]
[Black "KOEHL, EVAN:MacAndSneeze"]
[Result "1-0"]
[ICCResult "Black resigns"]
[WhiteElo "2070"]
[BlackElo "2033"]
[Opening "Caro-Kann: two knights variation"]
[ECO "B10"]
[NIC "CK.01"]
[Time "13:15:39"]
[PlyCount "187"]
[TimeControl "2400+10"]

1. e4 c6 2. Nf3 d5 3. Nc3 dxe4 4. Nxe4 Nf6 5. Qe2 Nxe4 6. Qxe4 Nd7 7. Bc4
Nf6 8. Ne5 e6 9. Qe2 b5 10. Bb3 Qc7 11. d4 Bd6 12. c3 a5 13. O-O O-O 14. Bc2
c5 15. Bf4 Ba6 16. Rfe1 cxd4 17. cxd4 b4 18. Qd2 b3 19. Bxb3 Bb4 20. Qc1 Qb6
21. Bd2 Qxd4 22. Bxb4 Qxb4 23. Qg5 h6 24. Qg3 Rac8 25. a3 Qd4 26. Nxf7 Rxf7
27. Bxe6 Rf8 28. Rad1 Qb6 29. Qb3 Qxb3 30. Bxb3 Rb8 31. Bxf7+ Kxf7 32. Rd2
Bc4 33. f3 a4 34. Rd4 Bb3 35. Kf2 Rb7 36. Rc1 Nd5 37. Rc6 Nf6 38. g4 Re7 39.
Rd2 Rb7 40. h4 Nd5 41. Rd6 Ke7 42. R6xd5 Bxd5 43. Rxd5 Rxb2+ 44. Ke3 Ra2 45.
Rd3 Ke6 46. Kd4 g6 47. Kc4 Rb2 48. Re3+ Kf6 49. Kd5 Rb5+ 50. Kc4 Rb2 51. Kd4
h5 52. Ke4 hxg4 53. fxg4 Rh2 54. Kf4 Rf2+ 55. Ke4 Rh2 56. Kf4 Rf2+ 57. Rf3
Rb2 58. h5 gxh5 59. gxh5 Kg7 60. Kg5 Rg2+ 61. Kf5 Rb2 62. Rf4 Kh6 63. Kg4
Rg2+ 64. Kf3 Ra2 65. Rxa4 Kxh5 66. Ke4 Kg6 67. Kd4 Kf6 68. Kc4 Ke6 69. Kb3
Ra1 70. Rc4 Kd6 71. a4 Kd5 72. Rc8 Rb1+ 73. Ka3 Rb6 74. a5 Rc6 75. Rb8 Kc5
76. Ka4 Ra6 77. Rb5+ Kc6 78. Kb4 Ra7 79. Rb6+ Kc7 80. Kb5 Rb7 81. Ka6 Rb8
82. Ka7 Rh8 83. Rg6 Rh7 84. a6 Kc8+ 85. Ka8 Kc7 86. Rg8 Kb6 87. Rg6+ Kc7 88.
Ka7 Kc8+ 89. Kb6 Rh1 90. Rg8+ Kd7 91. a7 Rb1+ 92. Kc5 Rc1+ 93. Kd4 Rd1+ 94.
Ke3 {Black resigns} 1-0

[Event "ICC tourney 3299 (40 10)"]
[Site "Internet Chess Club"]
[Date "2023.10.07"]
[Round "2"]
[White "LIANG, YU-CHENG:Yucheng"]
[Black "YUAN, SERENA:doudou2011"]
[Result "1-0"]
[ICCResult "Black resigns"]
[WhiteElo "2194"]
[BlackElo "1930"]
[Opening "QGD: 4.Bg5 Be7"]
[ECO "D53"]
[NIC "QO.14"]
[Time "13:15:06"]
[PlyCount "165"]
[TimeControl "2400+10"]

1. d4 d5 2. c4 e6 3. Nc3 Nf6 4. Bg5 Be7 5. Nf3 h6 6. Bxf6 Bxf6 7. e3 O-O 8.
Rc1 dxc4 9. Bxc4 c5 10. dxc5 Qxd1+ 11. Nxd1 Bd7 12. O-O Rc8 13. Bd3 Bc6 14.
e4 Rd8 15. Bb1 Na6 16. a3 Bb5 17. Re1 Rac8 18. b4 b6 19. e5 Be7 20. Nc3 Be8
21. Be4 Rc7 22. cxb6 axb6 23. Ne2 Rdc8 24. Bb7 Rxc1 25. Nxc1 Rc3 26. Bxa6
Rxa3 27. b5 Bb4 28. Rd1 Ra1 29. Nd4 Ba3 30. Ndb3 Rb1 31. Kf1 Bb2 32. Nd2
Rxc1 33. Rxc1 Bxc1 34. Nc4 Bf4 35. g3 Bg5 36. Nxb6 Kf8 37. Na8 Bxb5+ 38.
Bxb5 Bd8 39. Ke2 Ke7 40. Kf3 f6 41. exf6+ Kxf6 42. Ke4 h5 43. h4 Ba5 44. Be2
g6 45. f4 Be1 46. Kf3 Ba5 47. Bd3 Bd8 48. g4 Ba5 49. g5+ Kf7 50. Bc4 Ke7 51.
Ke4 Kd6 52. Bd3 Ke7 53. Kd4 Kf7 54. Bc2 Bd2 55. Ke5 Bc3+ 56. Ke4 Ba5 57. Ke3
Bd8 58. Kd4 Ba5 59. Bb3 Ke7 60. Ba2 Kf7 61. Ke5 Ke7 62. Bxe6 Bc3+ 63. Kd5
Ba5 64. Bh3 Be1 65. Nb6 Bxh4 66. Ke5 Bg3 67. Nd5+ Kf7 68. Be6+ Kg7 69. Kd6
Bf2 70. Ke7 Bc5+ 71. Kd7 Kf8 72. Nc7 Be3 73. Bb3 h4 74. Nd5 Bd2 75. Ke6 h3
76. Bc2 Kg7 77. Ke5 Kf7 78. Be4 Bc1 79. Kd4 Bb2+ 80. Ke3 Ba3 81. Kf3 h2 82.
Kg2 Bd6 83. Kxh2 {Black resigns} 1-0

[Event "ICC tourney 3299 (40 10)"]
[Site "Internet Chess Club"]
[Date "2023.10.07"]
[Round "3"]
[White "Yang, Daniel:danielbest"]
[Black "OPASKA, MICHAEL:mopaska1106"]
[Result "1-0"]
[ICCResult "Black resigns"]
[WhiteElo "2139"]
[BlackElo "2064"]
[Opening "QGD: exchange, positional line, 5...c6"]
[ECO "D35"]
[NIC "QO.16"]
[Time "15:31:26"]
[PlyCount "59"]
[TimeControl "2400+10"]

1. d4 d5 2. c4 e6 3. Nc3 Nf6 4. cxd5 exd5 5. Bg5 c6 6. e3 Be7 7. Bd3 O-O 8.
Nge2 h6 9. Bh4 Re8 10. O-O Ne4 11. Bxe7 Qxe7 12. Qc2 Nd7 13. Rae1 Ndf6 14.
f3 Nxc3 15. Nxc3 c5 16. dxc5 Qxc5 17. Nb5 Qxc2 18. Bxc2 Rd8 19. Bb3 Bd7 20.
Nd4 Rac8 21. e4 dxe4 22. fxe4 Bg4 23. Nf5 Bxf5 24. Rxf5 Rd2 25. Ref1 Rc7 26.
h3 Rxb2 27. e5 Ne4 28. Rxf7 Rxf7 29. Bxf7+ Kh7 30. Re1 {Black resigns} 1-0

[Event "ICC tourney 3299 (40 10)"]
[Site "Internet Chess Club"]
[Date "2023.10.07"]
[Round "3"]
[White "MARKOVIC, GORAN:Goran21"]
[Black "IVANOV, ALEXANDER:marble"]
[Result "1/2-1/2"]
[ICCResult "Black stalemated"]
[WhiteElo "2005"]
[BlackElo "2471"]
[Opening "Robatsch defense"]
[ECO "B06"]
[NIC "KF.05"]
[Time "15:30:22"]
[PlyCount "201"]
[TimeControl "2400+10"]

1. e4 g6 2. d4 Bg7 3. Nc3 c6 4. Bc4 d6 5. Nf3 Nf6 6. h3 b5 7. Bd3 O-O 8. O-O
Nbd7 9. e5 Ne8 10. Bf4 dxe5 11. dxe5 Nc5 12. Ne4 Nxd3 13. cxd3 Nc7 14. Rc1
Ne6 15. Bg3 Qd5 16. Qc2 Bb7 17. b3 Rad8 18. Rcd1 c5 19. Rfe1 Rd7 20. Qe2 h6
21. h4 Rfd8 22. Rd2 a6 23. Rc1 f5 24. exf6 exf6 25. Re1 Nd4 26. Nxd4 cxd4
27. Rc2 f5 28. Rc5 Qf7 29. Nd2 Bf8 30. Re5 Bd6 31. Re8+ Rxe8 32. Qxe8+ Qxe8
33. Rxe8+ Kf7 34. Rh8 Kg7 35. Re8 f4 36. Bh2 g5 37. hxg5 hxg5 38. f3 Rc7 39.
Kf1 Rc2 40. Rd8 Bc7 41. Rd7+ Kf6 42. Bg1 Ke6 43. Rh7 Be5 44. Rh6+ Kf5 45.
Ke2 Rxa2 46. Bf2 Bd5 47. Kd1 Be6 48. Kc1 Ra1+ 49. Kb2 Rd1 50. Kc2 Ra1 51.
Kb2 Ra5 52. Ne4 b4 53. Be1 Ra3 54. Nc5 Bxb3 55. Bxb4 Ra2+ 56. Kxb3 Rxg2 57.
Rxa6 Rf2 58. Kc4 Rxf3 59. Ne4 Rf1 60. Ra5 Rc1+ 61. Kd5 f3 62. Ra8 Bf4 63.
Kxd4 Rc2 64. Rf8+ Kg4 65. Be1 Re2 66. Bf2 Kh3 67. Nxg5+ Bxg5 68. Rxf3+ Kg4
69. Rf8 Re6 70. Rg8 Kf5 71. Bg3 Bf6+ 72. Kd5 Re3 73. d4 Ra3 74. Bd6 Ra5+ 75.
Bc5 Ra2 76. Re8 Rd2 77. Kc4 Rc2+ 78. Kb5 Rd2 79. Rf8 Ke6 80. Kc4 Bg7 81. Rg8
Bf6 82. Re8+ Kf7 83. Re4 Rh2 84. d5 Rh4 85. Rxh4 Bxh4 86. Kb5 Bg3 87. Kc6
Ke8 88. Bd6 Be1 89. Be5 Bb4 90. Bd4 Ba3 91. Bc5 Bxc5 92. Kxc5 Kd7 93. d6 Kd8
94. Kd5 Kd7 95. Ke5 Kd8 96. Ke6 Ke8 97. Kf6 Kd7 98. Ke5 Kd8 99. Ke6 Ke8 100.
d7+ Kd8 101. Kd6 {Black stalemated} 1/2-1/2

[Event "ICC tourney 3299 (40 10)"]
[Site "Internet Chess Club"]
[Date "2023.10.07"]
[Round "3"]
[White "TAO, SIHAN:K06-16931716"]
[Black "KONA, VIDIP KUMAR:Vidipkona"]
[Result "1-0"]
[ICCResult "Black checkmated"]
[WhiteElo "2216"]
[BlackElo "2036"]
[Opening "Caro-Kann: Tartakower (Nimzovich) variation"]
[ECO "B15"]
[NIC "CK.06"]
[Time "15:30:12"]
[PlyCount "181"]
[TimeControl "2400+10"]

1. e4 c6 2. d4 d5 3. Nc3 dxe4 4. Nxe4 Nf6 5. Nxf6+ exf6 6. c3 Be6 7. Bd3 Bd6
8. Qc2 h5 9. Ne2 Qc7 10. Ng3 Nd7 11. Nf5 O-O 12. Nxd6 Qxd6 13. O-O Rac8 14.
Be3 Rfd8 15. Rad1 Nf8 16. Rfe1 g6 17. Bh6 f5 18. b3 Qc7 19. Qd2 c5 20. Bg5
Re8 21. Bf6 Kh7 22. Bb5 Nd7 23. Bxd7 Qxd7 24. Qg5 c4 25. b4 Bd5 26. Re5 Rxe5
27. dxe5 Qc6 28. Rd4 f4 29. Rxf4 Qa4 30. h3 Be6 31. Rh4 Qd1+ 32. Kh2 Bd5 33.
Rd4 Qe2 34. Rxd5 Rf8 35. Rd2 Qe1 36. Qe3 Qb1 37. Rd4 Qf5 38. Rh4 Re8 39. Qf3
Qxf3 40. gxf3 a5 41. Rxc4 axb4 42. Rxb4 g5 43. Rxb7 Kg6 44. Rb2 Rc8 45. Rc2
Rc4 46. Kg2 g4 47. hxg4 hxg4 48. fxg4 Rxg4+ 49. Kf3 Rc4 50. Ke3 Kf5 51. Kd3
Rc7 52. c4 Ra7 53. c5 Ra3+ 54. Ke2 Ra8 55. c6 Rc8 56. c7 Ke6 57. a4 Kd7 58.
a5 Ke6 59. a6 Kd7 60. a7 Ke6 61. a8=N Rxa8 62. c8=Q+ Rxc8 63. Rxc8 Kf5 64.
Ke3 Ke6 65. Ke4 Kd7 66. Ra8 Ke6 67. Ra6+ Kd7 68. f4 Kc7 69. Rd6 Kc8 70. Bd8
Kb7 71. Bc7 Kxc7 72. Kf5 Kc8 73. Kf6 Kc7 74. Kxf7 Kc8 75. Kg7 Kc7 76. f5 Kc8
77. f6 Kc7 78. f7 Kb7 79. f8=R Kc7 80. Rf7+ Kc8 81. Rfd7 Kb8 82. Rc6 Ka8 83.
Kf6 Kb8 84. Kf5 Ka8 85. Ke4 Kb8 86. Kd5 Ka8 87. Kc5 Kb8 88. Kb5 Ka8 89. e6
Kb8 90. e7 Ka8 91. e8=R# {Black checkmated} 1-0

[Event "ICC tourney 3299 (40 10)"]
[Site "Internet Chess Club"]
[Date "2023.10.07"]
[Round "3"]
[White "Volkov, Sergey:Volkov"]
[Black "Liang, Jason:Jupiter435"]
[Result "1-0"]
[ICCResult "Black resigns"]
[WhiteElo "2514"]
[BlackElo "2537"]
[Opening "QGD: Janowski variation"]
[ECO "D31"]
[NIC "QP.08"]
[Time "15:30:07"]
[PlyCount "97"]
[TimeControl "2400+10"]

1. d4 d5 2. c4 e6 3. Nc3 a6 4. cxd5 exd5 5. Nf3 c6 6. Qb3 Nf6 7. Bg5 Be7 8.
e3 O-O 9. Bd3 Re8 10. O-O Ne4 11. Bf4 Nd6 12. Rfe1 Nd7 13. h3 Nf6 14. Ne5
Be6 15. Na4 Nb5 16. Qc2 g6 17. Nc5 Bc8 18. a4 Nd6 19. b4 Nfe4 20. Rab1 f6
21. Nf3 Bf8 22. Red1 Qe7 23. b5 axb5 24. axb5 Nxc5 25. dxc5 Ne4 26. bxc6
bxc6 27. Bd6 Nxd6 28. cxd6 Qd7 29. e4 Ba6 30. exd5 cxd5 31. Rb6 Rec8 32. Qb3
Bc4 33. Bxc4 dxc4 34. Qc3 Bg7 35. Qb4 c3 36. Rb7 Qa4 37. Qxa4 Rxa4 38. d7
Rd8 39. Nd4 f5 40. Re1 c2 41. Nxc2 Re4 42. Rxe4 fxe4 43. Nb4 Bf6 44. Nc6 Rf8
45. Rb8 Rxb8 46. Nxb8 Kf7 47. Nc6 Ke6 48. d8=Q Bxd8 49. Nxd8+ {Black
resigns} 1-0